 Dungeon Crawl Stone Soup version 0.31-a0-981-geadf994542 (webtiles) character file.

Game seed: 9097269462641115140

2982 sammy202020 the Ruffian (level 9, -2/89 HPs)
             Began as a Troll Shapeshifter on Oct 31, 2023.
             Was a Believer of Okawaru.
             Splashed by a jelly's acid (8 damage)
             ... on level 7 of the Dungeon.
             The game lasted 00:05:55 (4358 turns).

sammy202020 the Ruffian (Troll Shapeshifter)        Turns: 4358, Time: 00:05:57

Health: -2/89      AC:  1    Str: 30    XL:     9   Next: 53%
Magic:  8/8        EV: 10    Int: 10    God:    Okawaru [**....]
Gold:   278        SH:  0    Dex:  9    Spells: 8/8 levels left

rFire   . .          .
                       - Unarmed
rCold   . . .        (no shield)
rNeg    . . .        a - +1 animal skin
rPois   +            (helmet currently unavailable)
rElec   .            (cloak currently unavailable)
rCorr   .            (gloves unavailable)
SInv    .            (boots unavailable)
Will    .....        (no amulet)
Stlth   +            e - +6 ring of strength
HPRegen 1.14/turn    r - ring of poison resistance
MPRegen 0.11/turn

%: no passive effects
@: beast-form, corroded, hasted, very quick
A: beast (slay +3), large, unfitting armour, claws 3, regeneration 1, shaggy fur
1, tough skin 1
a: Begin Untransformation, Renounce Religion, Heroism


You were on level 7 of the Dungeon.
You worshipped Okawaru.
Okawaru was pleased with you.
You were a hulking beast.
You visited 2 branches of the dungeon, and saw 8 of its levels.

You collected 278 gold pieces.

Inventory:

Hand Weapons
 n - a +0 morningstar
 p - a +0 giant spiked club
Armour
 a - a +1 animal skin (worn)
 l - a +2 hat
 s - a +0 cloak
Jewellery
 e - a +6 ring of strength (left claw)
 r - a ring of poison resistance (right claw)
Talismans
 c - a beast talisman (active)
 d - a flux talisman
Wands
 b - a wand of light (2)
 i - a wand of paralysis (13)
Scrolls
 g - a scroll of amnesia {unknown}
 k - a scroll of butterflies
 m - a scroll of blinking {unknown}
 o - a scroll of identify
 v - a scroll of teleportation
Potions
 f - a potion of haste
 h - a potion of resistance {unknown}
 j - a potion of attraction {unknown}
 q - a potion of curing {unknown}
 u - a potion of might {unknown}
 w - a potion of brilliance {unknown}


   Skills:
 * Level 5.9 Fighting
 + Level 4.0 Armour
 + Level 4.4 Dodging
 * Level 7.7 Unarmed Combat
 + Level 5.4 Shapeshifting


You had 8 spell levels left.
You didn't know any spells.
Your spell library contained the following spells:

 Spells                   Type           Power      Damage    Failure   Level
 Ensorcelled Hibernation  Hex/Ice        0%         N/A       50%         2
 Passwall                 Tmut/Erth      0%         N/A       50%         2
 Inner Flame              Hex/Fire       0%         N/A       75%         3
 Swiftness                Air            0%         N/A       75%         3
 Dimensional Bullseye     Hex/Tloc       0%         N/A       98%         4
 Flame Wave               Conj/Fire      0%         2d4       98%         4
 Iskenderun's Mystic Bla  Conj/Tloc      0%         2d3       98%         4
 Sticky Flame             Conj/Fire      0%         2d3       98%         4
 Tukima's Dance           Hex            Unusable   N/A       N/A         3

Dungeon Overview and Level Annotations

Branches:
Dungeon (7/15)             Temple (1/1) D:6

Altars:
Dithmenos
Elyvilon
Hepliaklqana
Kikubaaqudgha
Makhleb
Nemelex Xobeh
Okawaru
Qazlal
Ru
Uskayaw
Vehumet
Xom
Yredelemnul
Zin
The Shining One

Shops:
D:4 (   D:7 *


Innate Abilities, Weirdness & Mutations

You are a hulking beast.
Your limbs bulge with bestial killing power. (Slay +3)
You are too large for most types of armour.
You have claws for hands.
Your natural rate of healing is unusually fast.
You are covered in fur. (AC +1)
You have tough skin. (AC +1)


Message History

Your Armour skill increases to level 4!
You scratch the yak. You claw the yak!
The yak is heavily wounded.
The yak gores you!
* * * LOW HITPOINT WARNING * * *
You barely miss the yak.
The yak is heavily wounded.
You feel yourself speed up. The yak closely misses you.
You claw the yak!
The yak is severely wounded.
The yak barely misses you.
You completely miss the yak.
The yak is severely wounded.
The yak gores you!
* * * LOW HITPOINT WARNING * * *
You scratch the yak.
The yak is severely wounded.
You barely miss the yak.
The yak is severely wounded.
The yak gores you.
* * * LOW HITPOINT WARNING * * *
You barely miss the yak.
The yak is severely wounded.
You scratch the yak.
The yak is almost dead.
The yak gores you.
* * * LOW HITPOINT WARNING * * *
You mangle the yak!!
You kill the yak!
Okawaru accepts your kill.
Okay, then.
The iguana bites you but does no damage.
You see here a yak corpse.
You mangle the iguana!!
You kill the iguana!
Okawaru accepts your kill. The jelly hits you.
* * * LOW HITPOINT WARNING * * *
The acid corrodes you!
You are splashed with acid!
You die...

##....##.#.##.#
##.#.## #....##.#.##
#. ##.#.## #..Y##
#.##.#..# ##.#.##
#....##.#†##.#.$
##.#.##
).....##.#.##.#( ##
##.#.###
)...Y#.##.#.##.?#.##
##....#
..#.#.#.##.#.##?†#.#
##.#.#
..####.#.##.#.##.J#
###.# ...
##.#.##.#.#h#.# #.#
.### ##.#.##.#.#.##
#)# .# ##.#.##.#.##
#.# .# ##!#.## ##
##.#### .. ##.#.#
#....). # #.#.#
#.##### ##.# #.#.#
#.#.# #. ##.# #.#.#
#.#.# #. ##.# #.#.#
#.## #.


You could see a jelly.

Vanquished Creatures
  A two-headed ogre (D:7)
  4 yaks (D:7)
  A wyvern (D:7)
  3 ice beasts (D:7)
  An orc warrior (D:6)
  2 black bears (D:7)
  An ogre (D:6)
  A kobold brigand (D:6)
  A bullfrog (D:7)
  2 scorpions
  3 wights (D:7)
  A killer bee (D:7)
  2 jellies
  2 orc priests
  4 hounds
  4 iguanas
  Jessica (D:3)
  5 orc wizards
  5 adders
  2 ufetubi (D:6)
  2 dart slugs
  11 orcs
  5 bats
  3 endoplasms
  5 giant cockroaches
  8 goblins
  5 hobgoblins
  2 jackals (D:3)
  7 quokkas
  4 ball pythons
  A frilled lizard (D:2)
  7 kobolds
  4 rats
110 creatures vanquished.

Notes
Turn   | Place    | Note
-------+----------+-------------------------------------------
     0 | D:1      | sammy202020 the Troll Shapeshifter began the quest for the
                  | Orb.
     0 | D:1      | Reached XP level 1. HP: 18/18 MP: 0/0
    60 | D:1      | Reached skill level 1 in Fighting
    74 | D:1      | Reached XP level 2. HP: 27/27 MP: 1/1
   318 | D:1      | Reached XP level 3. HP: 31/33 MP: 2/2
  1282 | D:3      | Found a stormy altar of Qazlal.
  1344 | D:3      | Reached XP level 4. HP: 42/42 MP: 3/3
  1466 | D:3      | Reached skill level 1 in Armour
  1562 | D:3      | Noticed Jessica
  1568 | D:3      | Killed Jessica
  1569 | D:3      | Reached skill level 4 in Unarmed Combat
  1569 | D:3      | Reached XP level 5. HP: 48/49 MP: 4/4
  1579 | D:3      | Found a faded altar of an unknown god.
  2035 | D:4      | Found Zigiutu's Weapon Emporium.
  2038 | D:4      | You fall into a shaft and drop 3 floors!
  2059 | D:7      | Noticed an ice beast
  2065 | D:7      | Noticed an ice beast
  2068 | D:7      | Killed an ice beast
  2071 | D:7      | Reached XP level 6. HP: 47/59 MP: 5/5
  2077 | D:7      | Killed an ice beast
  2170 | D:7      | Noticed a sky beast
  2251 | D:6      | Found a staircase to the Ecumenical Temple.
  2267 | D:6      | Reached skill level 5 in Unarmed Combat
  2267 | D:6      | Reached XP level 7. HP: 67/67 MP: 6/6
  2505 | Temple   | Entered the Ecumenical Temple
  2522 | Temple   | Became a worshipper of Warmaster Okawaru
  2797 | D:6      | Found a sacrificial altar of Ru.
  2831 | D:5      | Entered Level 5 of the Dungeon
  3116 | D:5      | Reached * piety under Okawaru
  3156 | D:5      | Found a basalt altar of Yredelemnul.
  3158 | D:5      | Noticed a profane servitor
  3174 | D:5      | Found a glowing golden altar of the Shining One.
  3176 | D:5      | Noticed an angel
  3275 | D:5      | Reached XP level 8. HP: 76/78 MP: 7/7
  3959 | D:7      | Noticed a two-headed ogre
  3961 | D:7      | Found Egylut's General Store.
  3970 | D:7      | Killed a two-headed ogre
  3971 | D:7      | Reached skill level 6 in Unarmed Combat
  4070 | D:7      | Found a hide-covered altar of Uskayaw.
  4238 | D:7      | Reached skill level 5 in Fighting
  4258 | D:7      | Reached XP level 9. HP: 88/88 MP: 8/8
  4277 | D:7      | Reached skill level 7 in Unarmed Combat
  4277 | D:7      | Reached skill level 5 in Shapeshifting
  4332 | D:7      | Reached ** piety under Okawaru
  4358 | D:7      | Splashed by a jelly's acid

Illustrated notes

Levels and vault maps discovered:
D:1:      dpeg_arrival_stonehenge_8_columns, layout_basic, serial_bayou_lagoon_b
D:2:      layout_loops_ring, chequers_serial_rivers_micro_a
D:3:      layout_basic, mainiacjoe_overflow_24_doors, basic_ecumenical_altar,
          moated_statue, chequers_serial_rivers_micro_e, uniq_jessica
D:4:      layout_layer_cave, mainiacjoe_overflow_paths, portal_sewer_entry_f,
          serial_shops, shop, kennysheep_generic_room_6
D:5:      layout_cave_pods, grunt_temple_overflow_holy_war
D:6:      layout_basic, nicolae_ru_sacrificial_ziggurat,
          minmay_temple_entry_statues_fountains, billiards_dpeg
D:7:      minmay_inner_zag, layout_loops_ring,
          nicolae_uskayaw_murder_on_the_dancefloor, serial_shops, shop_fountains
Temple:   chequers_temple_sunken

Skill      XL: |  1  2  3  4  5  6  7  8  9 |
---------------+----------------------------+-----
Fighting       | 1 2 3 4 5 |  5.9
Dodging        | 2 3 4 |  4.4
Armour         | 1 2 3 4 |  4.0
Unarmed Combat | 4 5 6 7 |  7.7
Shapeshifting  | 4 5 |  5.4

Action                     |  1- 3 |  4- 6 |  7- 9 || total
---------------------------+-------+-------+-------++-------
  Melee: Unarmed           |    89 |    64 |   129 ||   282
         Punch             |       |     1 |     3 ||     4
 Invoke: Heroism           |       |       |     1 ||     1
    Use: Scroll            |     4 |       |     3 ||     7
         Potion            |       |     1 |     2 ||     3
   Stab: Sleeping          |     1 |       |     1 ||     2
 Armour: Animal skin       |    43 |    27 |    74 ||   144
         Skin              |       |     6 |     3 ||     9
  Dodge: Dodged            |    45 |    16 |    56 ||   117
   Form: Beast             |     1 |       |       ||     1

Table legend: (Time is in decaauts)
 A = Elapsed time spent in this place.
 B = Non-inter-level travel time spent in this place.
 C = Inter-level travel time spent in this place.
 D = Time resting spent in this place.
 E = Time spent auto-exploring this place.
 F = Levels seen in this place.
 G = Mean time per level.
                   A        B        C        D        E       F      G
               +--------+--------+--------+--------+--------+-----+--------+
         Total |   4308 |   4233 |     75 |    257 |   3173 |   8 |  538.5 |
       Dungeon |   4265 |   4190 |     75 |    257 |   3173 |   7 |  609.3 |
        Temple |     42 |     42 |      0 |      0 |      0 |   1 |   42.0 |
               +--------+--------+--------+--------+--------+-----+--------+

Top non-repeatable levels by time:
     D:6: 958 daAuts
     D:3: 796 daAuts
     D:5: 742 daAuts
     D:2: 687 daAuts
     D:1: 542 daAuts
     D:7: 535 daAuts
  Temple: 42 daAuts
     D:4: 2 daAuts
